 Dungeon Crawl Stone Soup version 0.24.0-125-gc4c63601f3 (webtiles) character file.

Game seed: 18252860783230554670, levelgen mode: deterministic

29 straycat the Vexing (level 3, -1/20 HPs)
             Began as a Vampire Wanderer on Mar 6, 2020.
             Slain by a leopard gecko (2 damage)
             ... on level 3 of the Dungeon.
             The game lasted 00:05:31 (784 turns).

straycat the Vexing (Vampire Wanderer)               Turns: 784, Time: 00:05:31

Health: -1/20      AC:  3    Str: 11    XL:     3   Next: 1%
Magic:  6/6        EV: 12    Int: 16    God:
Gold:   24         SH:  0    Dex: 12    Spells: 5/6 levels left

rFire    . . .     SeeInvis +   a - +0 dagger
rCold    + + .     Gourm    .   (no shield)
rNeg     + + +     Faith    .   d - +0 robe
rPois    ∞         Spirit   .   (no helmet)
rElec    .         Reflect  .   (no cloak)
rCorr    .         Harm     .   e - +0 pair of gloves
MR       .....                  (no boots)
Stlth    ++++......             (no amulet)
HPRegen  0.00/turn              (no ring)
MPRegen  0.10/turn              (no ring)

@: bloodless
A: no food, fangs 3, see invisible, unbreathing
a: Bat Form, Revivify


You were on level 3 of the Dungeon.
You were bloodless.

You visited 1 branch of the dungeon, and saw 4 of its levels.

You collected 24 gold pieces.

Inventory:

Hand Weapons
 a - a +0 dagger (weapon)
Missiles
 g - 22 stones (quivered)
Armour
 d - a +0 robe (worn)
 e - a +0 pair of gloves (worn)
Scrolls
 b - 2 scrolls of identify {unknown}
 f - a scroll of remove curse {unknown}
Potions
 c - a potion of curing


   Skills:
 * Level 1.1 Fighting
 - Level 1.0 Throwing
 * Level 1.3 Dodging
 + Level 2.2 Stealth
 * Level 1.4 Unarmed Combat
 - Level 2.0 Spellcasting
 - Level 4.4 Hexes
   Level 1.1 Charms
   Level 2.0 Summonings


You had 5 spell levels left.
You knew the following spells:

 Your Spells              Type           Power        Failure   Level  Hunger
a - Corona                Hex            ###....      3%          1    N/A

Your spell library contained the following spells:

 Spells                   Type           Power        Failure   Level  Hunger
 Confuse                  Hex            ###.....     11%         3    N/A
 Tukima's Dance           Hex            ###.....     11%         3    N/A
 Ensorcelled Hibernation  Hex/Ice        #.....       13%         2    N/A
 Dazzling Spray           Conj/Hex       #.....       26%         3    N/A
 Throw Frost              Conj/Ice       #.....       30%         2    N/A

Dungeon Overview and Level Annotations

Branches:
Dungeon (4/15)
 Temple: D:4-7

Altars:

Annotations:
D:4 Edmund


Innate Abilities, Weirdness & Mutations

You do not eat.
You do not regenerate when monsters are visible.
You are frail without blood (-20% HP).
You can heal yourself when you bite living creatures.
You are immune to poison.
You have razor-sharp teeth.
You have supernaturally acute eyesight. (SInv)
You can survive without breathing.


Message History

You climb downwards.
An adder, 3 orcs and Edmund come into view.
Edmund is wielding a +4 dire flail of draining.
The orc wizard shouts!
The orc shouts!
The adder hisses angrily.
The orc priest shouts!
Edmund shouts!
Found a ration and a lumpy soapstone amulet.
There is a stone staircase leading up here.
The orc wizard gestures at you while chanting.
The puff of frost hits you. You resist.
* * * LOW HITPOINT WARNING * * *
You climb upwards.
The leopard gecko closely misses you. The leopard gecko bites you.
* * * LOW HITPOINT WARNING * * *
There is a stone staircase leading down here.
The leopard gecko bites you.
* * * LOW HITPOINT WARNING * * *
The leopard gecko bites you but does no damage.
There is a stone staircase leading up here.
The leopard gecko bites you.
You die...

..... .. ......#
.# . ........##.#
.#
#.........#.###.##
.................)
..................
#.................
..........@# ....
#.......lo#?..?.
.#..........(...#
..$..........####
.......>...###
...........#
...........#
..........##
.....$...##


You could see an orc wizard and a leopard gecko.

Vanquished Creatures
  An adder (D:2)
  A dart slug (D:1)
  A leopard gecko (D:1)
  2 goblins (D:1)
  2 hobgoblins
  3 kobolds (D:1)
  2 bats (D:1)
  5 rats (D:1)
17 creatures vanquished.

Notes
Turn   | Place    | Note
-------+----------+-------------------------------------------
     0 | D:1      | straycat the Vampire Wanderer began the quest for the Orb.
     0 | D:1      | straycat set off with the following items: a +0 dagger, a
                  | potion of curing, a +0 robe; and the following spell
                  | memorised: Corona; and the following spells available to
                  | memorise: Confuse, Tukima's Dance, Ensorcelled Hibernation,
                  | Dazzling Spray, Throw Frost
     0 | D:1      | Reached XP level 1. HP: 13/13 MP: 3/3
   178 | D:1      | Reached XP level 2. HP: 11/20 MP: 5/5
   286 | D:1      | Reached skill level 1 in Unarmed Combat
   437 | D:1      | Reached skill level 1 in Dodging
   554 | D:1      | Reached skill level 1 in Fighting
   734 | D:2      | Reached XP level 3. HP: 19/20 MP: 6/6
   777 | D:4      | Noticed Edmund
   781 | D:3      | HP: 1/20 [leopard gecko (1)]
   784 | D:3      | Slain by a leopard gecko

Levels and vault maps discovered:
D:1:      sevenhm_arrival_forest_fort_large_1, layout_rooms,
          grunt_decor_one_mirror
D:2:      layout_rooms, minitemple, minmay_misc_feat_iff, supply_closet_lemuel
D:3:      layout_rooms
D:4:      layout_loops_ring, first_ration, nicolae_elemental_shop,
          kennysheep_generic_room_6, uniq_edmund

Skill      XL: |  1  2 |
---------------+-------+-----
Unarmed Combat | 1 |  1.4
Stealth        | 2 |  2.2
Dodging        | 1 |  1.3
Fighting       | 1 |  1.1
Throwing       | |  1.0
Spellcasting   | |  2.0
Hexes          | |  4.4
Charms         | |  1.1
Summonings     | |  2.0

Action                   || total
-------------------------++-------
Melee: Dagger            ||    70
       Bite              ||     7
 Abil: Exsanguinate      ||     1
  Use: Potion            ||     1
 Stab: Sleeping          ||     3
Armor: Robe              ||    13
Dodge: Dodged            ||    36
